 Dungeon Crawl Stone Soup version 0.22-a0-533-g4d20840 (webtiles) character file.

51 iamserjio the Charmwright (level 3, 29/31 HPs)
             Began as a Gnoll Skald on June 22, 2018.
             Quit the game on level 2 of the Dungeon.
             The game lasted 00:03:22 (463 turns).

iamserjio the Charmwright (Gnoll Skald)              Turns: 463, Time: 00:03:23

Health: 29/31      AC:  3    Str: 13    XL:     3   Next: 83%
Magic:  9/9        EV: 14    Int: 16    God:
Gold:   71         SH:  0    Dex: 14    Spells: 4/12 levels left

rFire    . . .     SeeInvis .   a - +0 hand axe
rCold    . . .     Gourm    .   (no shield)
rNeg     . . .     Faith    .   b - +0 leather armour
rPois    .         Spirit   .   (no helmet)
rElec    .         Reflect  .   (no cloak)
rCorr    .         Harm     .   (no gloves)
MR       .....                  (no boots)
Stlth    +.........             (no amulet)
HPRegen  0.10/turn              (no ring)
MPRegen  0.11/turn              (no ring)

@: no status effects
A: distributed training, fangs 1, strong nose
a: no special abilities


You were on level 2 of the Dungeon.
You were not hungry.

You visited 1 branch of the dungeon, and saw 2 of its levels.

You collected 71 gold pieces.

Inventory:

Hand Weapons
 a - a +0 hand axe (weapon)
Missiles
 e - 20 sling bullets
Armour
 b - a +0 leather armour (worn)
 i - a +0 large shield
Scrolls
 f - a scroll of identify {unknown}
 g - a scroll of remove curse {unknown}
Potions
 c - a potion of flight {unknown}
 h - a potion of lignification {unknown}
Comestibles
 d - a ration


   Skills:
 + Level 4.5 Fighting
 + Level 0.9 Short Blades
 + Level 0.9 Long Blades
 + Level 4.5 Axes
 + Level 0.9 Maces & Flails
 + Level 0.9 Polearms
 + Level 0.9 Staves
 + Level 0.9 Slings
 + Level 0.9 Bows
 + Level 0.9 Crossbows
 + Level 0.9 Throwing
 + Level 2.6 Armour
 + Level 4.5 Dodging
 + Level 0.9 Stealth
 + Level 0.9 Shields
 + Level 0.9 Unarmed Combat
 + Level 5.0 Spellcasting
 + Level 0.6 Conjurations
 + Level 0.6 Hexes
 + Level 5.4 Charms
 + Level 0.6 Summonings
 + Level 0.6 Necromancy
 + Level 0.6 Translocations
 + Level 0.6 Transmutations
 + Level 0.6 Fire Magic
 + Level 0.6 Ice Magic
 + Level 0.6 Air Magic
 + Level 0.6 Earth Magic
 + Level 0.6 Poison Magic
 + Level 1.0 Invocations
 + Level 0.9 Evocations


You had 4 spell levels left.
You knew the following spells:

 Your Spells              Type           Power        Failure   Level  Hunger
a - Infusion              Chrm           ###.         1%          1    None
b - Shroud of Golubria    Chrm/Tloc      ##........   9%          2    #......
c - Song of Slaying       Chrm           ###.....     3%          2    #......
d - Regeneration          Chrm/Necr      ##........   17%         3    ###....

Your spell library contained the following spells:

 Spells                   Type           Power        Failure   Level  Hunger
 Spectral Weapon          Hex/Chrm       ##......     17%         3    ###....


Dungeon Overview and Level Annotations

Branches:
Dungeon (2/15)

Altars:


Innate Abilities, Weirdness & Mutations

Your experience applies equally to all skills.
You have very sharp teeth.
Your uncanny sense of smell can sniff out nearby items.


Message History

You hit the worm.
The worm is heavily wounded.
The worm barely misses you.
You hit the worm.
The worm is heavily wounded.
The worm bites you.
You hit the worm but do no damage.
The worm is moderately wounded.
The worm bites you.
You barely miss the worm.
The worm is moderately wounded.
You hit the worm.
The worm is heavily wounded.
The worm closely misses you.
You hit the worm. You bite the worm.
The worm is severely wounded.
You slash the worm!
You kill the worm!
You see here a worm corpse.
Are you sure you want to abandon this character and quit the game? (Confirm with "yes".)

#.#.#............
#.#.#..###.#..##.
###†#....# #.#..#..
#.....#.## #.#..#..
#.#####.# #.#..#..
#.# #.####.#..#..
#.# #......#..#..
##.############.##.#
#..@....... .. ...
########### ##.#


There were no monsters in sight!

Vanquished Creatures
  Jessica (D:2)
  An adder (D:2)
  An ooze (D:2)
  A worm (D:2)
  2 goblins
  3 jackals (D:2)
  2 rats (D:2)
11 creatures vanquished.

Notes
Turn   | Place    | Note
-------+----------+-------------------------------------------
     0 | D:1      | iamserjio the Gnoll Skald began the quest for the Orb.
     0 | D:1      | Reached XP level 1. HP: 20/20 MP: 6/6
   229 | D:2      | Reached XP level 2. HP: 23/26 MP: 2/7
   238 | D:2      | Learned a level 2 spell: Shroud of Golubria
   241 | D:2      | Learned a level 2 spell: Song of Slaying
   255 | D:2      | Noticed Jessica
   268 | D:2      | Killed Jessica
   268 | D:2      | Reached skill level 5 in Spellcasting
   268 | D:2      | Reached skill level 1 in Invocations
   268 | D:2      | Reached XP level 3. HP: 9/31 MP: 0/9
   276 | D:2      | Learned a level 3 spell: Regeneration
   463 | D:2      | Quit the game

Vault maps used:
D:1:      matt_arrival_spirals
D:2:      elyvilon_altar_1, uniq_jessica, uniq_crazy_yiuf_cottage

Skill      XL: |  1  2 |
---------------+-------+-----
Spellcasting   | 5 |  5.0
Invocations    | 1 |  1.0
Fighting       | |  4.5
Short Blades   | |  0.9
Long Blades    | |  0.9
Axes           | |  4.5
Maces & Flails | |  0.9
Polearms       | |  0.9
Staves         | |  0.9
Slings         | |  0.9
Bows           | |  0.9
Crossbows      | |  0.9
Throwing       | |  0.9
Armour         | |  2.6
Dodging        | |  4.5
Stealth        | |  0.9
Shields        | |  0.9
Unarmed Combat | |  0.9
Conjurations   | |  0.6
Hexes          | |  0.6
Charms         | |  5.4
Summonings     | |  0.6
Necromancy     | |  0.6
Translocations | |  0.6
Transmutations | |  0.6
Fire Magic     | |  0.6
Ice Magic      | |  0.6
Air Magic      | |  0.6
Earth Magic    | |  0.6
Poison Magic   | |  0.6
Evocations     | |  0.9

Action                   || total
-------------------------++-------
Melee: Hand axe          ||    45
       Bite              ||     9
 Cast: Infusion          ||     3
       Shroud of Golubri ||     1
       Regeneration      ||     1
 Stab: Sleeping          ||     1
Armor: Leather armour    ||     6
Dodge: Dodged            ||    25

Table legend:
 A = Spawn XP
 B = Non-spawn XP
 C = Spawn XP percentage of total XP
 D = Spawn monster count
 E = Non-spawn monster count
 F = Spawn count percentage of total count
 G = Total turns spent on level
                    A         B        C        D         E        F      G
               +---------+---------+-------+---------+---------+-------+---------
         Total |       0 |      74 |   0.0 |       0 |      11 |   0.0 |   463
               +---------+---------+-------+---------+---------+-------+---------
           D:1 |       0 |       2 |   0.0 |       0 |       1 |   0.0 |   169
           D:2 |       0 |      72 |   0.0 |       0 |      10 |   0.0 |   294
               +---------+---------+-------+---------+---------+-------+---------
